 Dungeon Crawl Stone Soup version 0.18-a0-1655-ge2d8d33 (webtiles) character file.

14415 Murumi the Blocker (level 12, -3/95 HPs)
             Began as a Formicid Fighter on Mar 31, 2016.
             Was a Priest of Elyvilon.
             Engulfed by an ice statue's freezing vapour (9 damage)
             ... in an ice cave.
             The game lasted 01:19:09 (10983 turns).

Murumi the Blocker (Formicid Fighter)              Turns: 10983, Time: 01:19:09

Health: -3/95      AC: 16    Str: 26    XL:     12   Next: 44%
Magic:  0/28       EV: 10    Int:  8    God:    Elyvilon [***...]
Gold:   694        SH: 13    Dex: 10    Spells: 0 memorised, 11 levels left

rFire  . . .     SeeInvis +     p - +3 scimitar
rCold  . . .     Gourm    .     o - +0 plate armour
rNeg   . . .     Faith    .     c - +1 shield
rPois  +         Spirit   +     (helmet unavailable)
rElec  .         Dismiss  .     h - +0 cloak
rCorr  .         Reflect  .     (no gloves)
SustAt .         Harm     .     j - +0 pair of boots
MR     +....                    k - amulet of guardian spirit
Stlth  ..........               r - ring of magical power
                                x - ring of poison resistance

@: protection, somewhat resistant to hostile enchantments, extremely unstealthy
A: permanent stasis, dig shafts and tunnels, four strong arms, antennae 3
a: Dig, Shaft Self, Lesser Healing, Heal Other, Purification, Divine Protection,
Renounce Religion


You were in an ice cave.
You worshipped Elyvilon.
Elyvilon was most pleased with you.
You were very hungry.

You visited 3 branches of the dungeon, and saw 11 of its levels.
You also visited: Ice Cave.

You collected 694 gold pieces.

Inventory:

Hand Weapons
 p - a +3 scimitar (weapon)
Missiles
 d - 28 bolts
 m - 14 bolts of penetration
Armour
 c - a +1 shield (worn)
 h - a +0 cloak (worn)
 j - a +0 pair of boots (worn)
 o - a +0 plate armour (worn)
Jewellery
 b - an uncursed ring of sustain attributes
 k - an amulet of guardian spirit (around neck)
 q - an uncursed ring of protection from fire
 r - a ring of magical power (right hand)
 x - a ring of poison resistance (left hand)
 D - an uncursed amulet of regeneration
 E - a cursed amulet of inaccuracy {unknown}
Wands
 F - a wand of lightning (6/15)
Scrolls
 g - 2 scrolls of amnesia
 l - 4 scrolls of enchant armour
 s - 5 scrolls of remove curse
 y - 2 scrolls of enchant weapon
Potions
 e - 4 potions of curing
 u - 2 potions of brilliance
 v - a potion of lignification {unknown}
 w - a potion of magic
 z - 2 potions of cancellation
 A - a potion of degeneration {unknown}
 B - a potion of resistance {unknown}
Comestibles
 f - 4 bread rations
 i - 8 meat rations
 n - 5 fruits
 C - a slice of pizza


   Skills:
 - Level 9.0 Fighting
 + Level 8.9 Long Blades
 - Level 9.0 Armour
 - Level 7.0 Dodging
 - Level 10.0 Shields
 - Level 10.0 Invocations


You had 11 spell levels left.
You didn't know any spells.

Dungeon Overview and Level Annotations

Branches:
Dungeon (8/15)             Temple (1/1) D:5            Lair (2/8) D:8

Altars:
Ashenzari
Cheibriados
Dithmenos
Elyvilon
Fedhas
Gozag
Kikubaaqudgha
Makhleb
Nemelex Xobeh
Okawaru
Pakellas
Qazlal
Ru
Sif Muna
Trog
Vehumet
Xom
Yredelemnul
Zin
The Shining One

Shops:
D:4 [

Annotations:
IceCv exclusion: ice statue


Innate Abilities, Weirdness & Mutations

You are under a permanent stasis effect.
You can dig through walls and to a lower floor.
Your four strong arms can wield two-handed weapons with a shield.
You have a pair of large antennae on your head (SInv).


Message History

w - Wait here. f - Follow me.
Anything else - Stay silent.
Okay, then.
You are too injured to fight recklessly!
Drink which item? (? for menu, Esc to quit)
You feel much better.
You are engulfed in freezing vapours.
* * * LOW HITPOINT WARNING * * *
You block the ice beast's attack.
Drink which item? (? for menu, Esc to quit)
It was a potion of cancellation.
Your magical effects are unravelling.
You feel magically purged.
You feel a little less clever now. The ice statue throws cold at you.
The freezing blast engulfs you! Elyvilon protects you from harm!
You block the ice beast's attack.
You beseech Elyvilon to protect your life.
You are engulfed in freezing vapours.
You die...

##########
##...##...####
###...##...##...#
###§...##.#######..
#.#§§8..##.## #..#
#§Y@.§##.## ###.
####§§..## ##
##§..# ###....
###... ##... ##


You could see an ice statue and an ice beast.

Vanquished Creatures
  A death yak (IceCv)
  Pikel (D:7)
  4 spiny frogs
  2 komodo dragons
  5 polar bears (IceCv)
  6 slime creatures (D:7)
  Prince Ribbit (D:7)
  24 yaks
  A hippogriff (Lair:1)
  Eustachio (D:5)
  Menkaure (D:5)
  Edmund (D:4)
  3 water moccasins
  Duvessa (D:5)
  4 porcupines (Lair:1)
  An orc warrior (D:6)
  A phantom (D:8)
  2 ogres (D:4)
  21 wolves
  2 crocodiles (Lair:1)
  3 centaurs
  Dowan (D:5)
  6 giant frogs
  A gnoll sergeant (D:5)
  3 killer bees (D:8)
  7 wights (D:6)
  5 howler monkeys
  2 crimson imps
  5 hounds
  An orc priest (D:8)
  A centaur zombie (D:5)
  5 orc wizards
  Ijyb (D:2)
  A giant frog skeleton (D:4)
  Natasha (thrice) (D:4 D:5)
  5 iguanas
  5 worker ants
  2 killer bee zombies
  A hound zombie (D:6)
  A howler monkey zombie (D:6)
  2 worker ant zombies
  10 gnolls
  10 adders
  10 river rats
  2 oozes (D:1)
  4 adder skeletons
  4 worms
  2 dart slugs (D:4)
  5 giant geckos
  25 orcs
  2 ball pythons (D:2)
  4 giant cockroaches
  6 goblins
  7 hobgoblins
  8 jackals
  3 quokkas
  16 bats
  7 giant newts
  2 kobolds (D:1)
  5 rats
  A spectral orc (D:2)
277 creatures vanquished.

Vanquished Creatures (others)
  A slave (D:7)
  A giant frog (D:7)
  A jelly (D:7)
  An orc priest (D:7)
  A worker ant (D:7)
  An adder zombie (D:7)
  A giant gecko (D:7)
  A jackal (D:7)
  A fungus (Lair:1)
9 creatures vanquished.

Grand Total: 286 creatures vanquished

Notes
Turn   | Place    | Note
--------------------------------------------------------------
     0 | D:1      | Murumi the Formicid Fighter began the quest for the Orb.
     0 | D:1      | Reached XP level 1. HP: 18/18 MP: 1/1
   264 | D:1      | Reached skill level 1 in Dodging
   264 | D:1      | Reached XP level 2. HP: 24/24 MP: 2/2
   452 | D:2      | Reached XP level 3. HP: 29/29 MP: 3/3
   572 | D:2      | Reached XP level 4. HP: 28/35 MP: 4/4
   906 | D:2      | Noticed a centaur
   928 | D:2      | Killed a centaur
   928 | D:2      | Reached XP level 5. HP: 36/43 MP: 3/5
  1296 | D:2      | Reached XP level 6. HP: 50/50 MP: 6/6
  1436 | D:2      | Noticed Ijyb
  1445 | D:2      | Killed Ijyb
  1622 | D:2      | Found a basalt altar of Yredelemnul.
  1667 | D:2      | Found a glowing silver altar of Zin.
  1673 | D:2      | Found a radiant altar of Vehumet.
  1897 | D:2      | Reached skill level 5 in Shields
  2487 | D:3      | Found a burning altar of Makhleb.
  2630 | D:3      | Reached XP level 7. HP: 53/55 MP: 7/7
  3055 | D:4      | Found an opulent altar of Gozag.
  3191 | D:4      | Noticed Natasha
  3194 | D:4      | Killed Natasha
  3198 | D:4      | Reached skill level 5 in Fighting
  3215 | D:4      | Noticed Edmund
  3245 | D:4      | Killed Edmund
  3250 | D:4      | Noticed Natasha
  3267 | D:4      | Killed Natasha
  3267 | D:4      | Reached skill level 5 in Armour
  3279 | D:4      | Gained mutation: Your muscles are strong. (Str +2) [potion of beneficial mutation]
  3309 | D:4      | Reached XP level 8. HP: 45/62 MP: 8/8
  3412 | D:4      | Found Aveth's Armour Boutique.
  3803 | D:5      | Entered Level 5 of the Dungeon
  3839 | D:5      | Found a staircase to the Ecumenical Temple.
  3867 | Temple   | Entered the Ecumenical Temple
  3905 | Temple   | Became a worshipper of Elyvilon the Healer
  4071 | D:5      | Noticed Natasha
  4079 | D:5      | Killed Natasha
  4101 | D:5      | Noticed Menkaure
  4115 | D:5      | Killed Menkaure
  4170 | D:5      | Noticed Eustachio
  4210 | D:5      | Killed Eustachio
  4262 | D:5      | Noticed Duvessa
  4264 | D:5      | Noticed Dowan
  4285 | D:5      | Killed Duvessa
  4285 | D:5      | Reached XP level 9. HP: 67/71 MP: 9/9
  4286 | D:5      | Killed Dowan
  4286 | D:5      | Reached skill level 5 in Long Blades
  4394 | D:5      | You fall through a shaft for 3 floors!
  4504 | D:8      | Reached skill level 1 in Invocations
  4612 | D:7      | Noticed Prince Ribbit
  5174 | D:5      | Reached * piety under Elyvilon
  5195 | D:5      | Reached skill level 5 in Invocations
  5505 | D:6      | Found a snail-covered altar of Cheibriados.
  5943 | D:6      | Reached XP level 10. HP: 77/77 MP: 15/15
  6465 | D:7      | Noticed Pikel
  6504 | D:7      | Killed Pikel
  6831 | D:7      | Killed Prince Ribbit
  7349 | D:7      | Reached ** piety under Elyvilon
  7600 | D:8      | Reached skill level 5 in Dodging
  7635 | D:8      | Got a warped long sword
  7639 | D:8      | Identified the cursed +1 long sword of Ituanir {slice, MR+} (You found it on level 8 of the Dungeon)
  7671 | D:8      | Found a staircase to the Lair.
  7801 | D:8      | Found a glowing golden altar of the Shining One.
  7805 | D:8      | Found an ancient bone altar of Kikubaaqudgha.
  8113 | Lair:1   | Entered Level 1 of the Lair of Beasts
  8303 | Lair:1   | Reached XP level 11. HP: 44/86 MP: 15/17
  9150 | Lair:1   | Reached *** piety under Elyvilon
 10030 | Lair:2   | Found a frozen archway.
 10039 | IceCv    | Entered an ice cave
 10191 | IceCv    | Reached skill level 10 in Shields
 10218 | IceCv    | Reached XP level 12. HP: 81/95 MP: 19/19
 10235 | IceCv    | Reached skill level 10 in Invocations
 10428 | IceCv    | Noticed a death yak
 10440 | IceCv    | Killed a death yak
 10974 | IceCv    | HP: 2/95 [ice statue/bolt of cold (19)]
 10978 | IceCv    | Lost mutation: Your muscles are strong. (Str +2) [potion of cure mutation]
 10982 | IceCv    | Elyvilon protects you from harm!
 10983 | IceCv    | Engulfed by an ice statue's freezing vapour

Vault maps used:
D:1:      grunt_arrival_crossed_arrows
D:2:      yredelemnul_forgotten_temple_becter, minitemple, st_stairs_14,
          grunt_ministairs_8, moated_statue, minivault_19,
          minmay_divided_ellipse, uniq_iyjb
D:3:      makhleb_grotto_becter, kennysheep_generic_room_14
D:4:      kennysheep_mini, serial_shops, shop_statue, minmay_joined_circles,
          uniq_natasha, uniq_edmund
D:5:      minmay_temple_entry_large_hall, first_bread, uniq_eustachio,
          uniq_menkaure, uniq_duvessa
D:6:      lemuel_crystal_altar
D:7:      uniq_pikel, uniq_prince_ribbit1
D:8:      nicolae_overflow_hidden_temple, due_lair_maze_entry_diamond
Temple:   jpeg_temple_clearing_12
Lair:1:   serial_bayou_ford_a, beast_lair_carwin_5
Lair:2:   portal_ice_cave_entry_pillars_01
IceCv:    ice_cave_caverns_01

Skill      XL: |  1  2  3  4  5  6  7  8  9 10 11 12 |
---------------+-------------------------------------+-----
Dodging        | 1 2 3 4 5 6 7 |  7.0
Shields        | 4 5 6 7 8 10 | 10.0
Long Blades    | 3 4 5 6 7 8 |  8.9
Fighting       | 4 5 6 8 9 |  9.0
Armour         | 4 5 6 7 9 |  9.0
Invocations    | 7 9 10 | 10.0

Action                   |  1- 3 |  4- 6 |  7- 9 | 10-12 || total
-------------------------+-------+-------+-------+-------++-------
Melee: Long sword        |    51 |   209 |   475 |       ||   735
       Scimitar          |       |       |    86 |   660 ||   746
Invok: Divine Protection |       |       |       |     1 ||     1
 Abil: Dig               |     1 |     3 |    12 |     4 ||    20
  Use: Scroll            |     2 |     8 |     9 |     3 ||    22
       Potion            |       |       |     6 |     9 ||    15
  Eat: Chunk             |       |     6 |    13 |    14 ||    33
       Pizza             |       |       |       |     1 ||     1
       Beef jerky        |       |       |       |     1 ||     1
